 Dungeon Crawl Stone Soup version 0.24-a0-194-g9bee6eb (webtiles) character file.

Game seed: 4922186443993799218

156 Ijustatesigmund the Conjurer (level 5, -6/34 HPs)
             Began as an Octopode Wizard on Mar 18, 2019.
             Mangled by an orc priest
             ... wielding a cursed -1 hand axe
              (7 damage)
             ... on level 3 of the Dungeon.
             The game lasted 00:07:57 (3758 turns).

Ijustatesigmund the Conjurer (Octopode Wizard)      Turns: 3758, Time: 00:07:58

Health: -6/34      AC:  1    Str:  8    XL:     5   Next: 38%
Magic:  1/9        EV: 13    Int: 20    God:
Gold:   93         SH:  0    Dex: 10    Spells: 1/10 levels left

rFire    . . .     SeeInvis .   d - +4 dagger (freeze)
rCold    + . .     Gourm    .   (no shield)
rNeg     . . .     Faith    .   a - +0 hat
rPois    .         Spirit   .   (no amulet)
rElec    .         Reflect  .   f - ring of protection from cold
rCorr    .         Harm     .   (no ring)
MR       .....                  (no ring)
Stlth    +++.......             (no ring)
HPRegen  0.11/turn              (no ring)
MPRegen  0.11/turn              (no ring)
                                (no ring)
                                (no ring)

@: no status effects
A: almost no armour, stealthy swim, amphibious, 8 rings, constrict 8, camouflage
1, gelatinous body 1
a: no special abilities


You were on level 3 of the Dungeon.
You were not hungry.

You visited 1 branch of the dungeon, and saw 3 of its levels.

You collected 93 gold pieces.

Inventory:

Hand Weapons
 b - a +0 whip
 d - a +4 dagger of freezing (weapon)
 i - a +0 hunting sling of velocity
Missiles
 j - 6 stones (quivered)
Armour
 a - a +0 hat (worn)
Jewellery
 f - a ring of protection from cold (left tentacle)
Wands
 k - a wand of digging (6)
Scrolls
 e - 2 scrolls of remove curse
 g - a scroll of identify {unknown}
 h - a scroll of amnesia {unknown}
 l - a scroll of fear {unknown}
 m - a scroll of teleportation {unknown}
Comestibles
 c - 3 rations


   Skills:
 - Level 2.2 Fighting
 + Level 2.5 Dodging
 - Level 2.6 Stealth
 - Level 3.0 Spellcasting
 + Level 3.1 Conjurations
   Level 1.0 Summonings
 + Level 2.6 Translocations


You had one spell level left.
You knew the following spells:

 Your Spells              Type           Power        Failure   Level  Hunger
a - Magic Dart            Conj           ###.         4%          1    None
b - Blink                 Tloc           N/A          8%          2    ##.....
c - Conjure Flame         Conj/Fire      #.......     22%         3    ###....
d - Mephitic Cloud        Conj/Pois/Air  #.......     28%         3    ###....

Your spell library contained the following spells:

 Spells                   Type           Power        Failure   Level  Hunger
 Call Imp                 Summ           #.......     14%         2    ##.....
 Slow                     Hex            #.......     22%         2    ##.....


Dungeon Overview and Level Annotations

Branches:
Dungeon (3/15)

Altars:
Qazlal
Sif Muna
Xom


Innate Abilities, Weirdness & Mutations

You cannot wear most types of armour.
You are very stealthy in the water. (Stealth+)
You are amphibious.
You can wear up to eight rings at the same time.
You can use your tentacles to constrict eight enemies at once.
Your skin changes colour to match your surroundings (Stealth+).
Your rubbery body absorbs attacks. (AC +1, EV +1)


Message History

The orc priest calls down the wrath of Beogh upon you.
Beogh smites you!
The orc priest hits you with a cursed -1 hand axe.
You hit the orc priest but do no damage.
You grab the orc priest.
The orc priest is heavily wounded.
You constrict the orc priest, but do no damage.
The orc priest calls down the wrath of Beogh upon you.
Beogh smites you!
* * * LOW HITPOINT WARNING * * *
You aren't carrying any potions.
Unknown command.
You hit the orc priest but do no damage.
The orc priest is heavily wounded.
You constrict the orc priest. The orc priest closely misses you.
You hit the orc priest. You freeze the orc priest.
The orc priest is almost dead.
You constrict the orc priest, but do no damage.
The orc priest hits you with a cursed -1 hand axe!
You die...

........# #######.#
..# ######..####
#.# ...........##
#.#
...†........##.._)
...............#)#
.............# #)#
.............# #o#
.............# #@#
.............# #.#
.............# #.#
............####.##
.....#......[.....#
....######........#
#### #........#
#........#
..............#


You could see an orc priest.

Vanquished Creatures
  A centaur skeleton (D:3)
  3 adders (D:3)
  An ooze (D:1)
  5 dart slugs
  3 leopard geckos (D:1)
  4 orcs (D:3)
  6 giant cockroaches
  8 goblins
  7 hobgoblins
  10 jackals
  3 quokkas
  2 ball pythons (D:2)
  7 bats
  5 frilled lizards
  5 kobolds
  4 rats
74 creatures vanquished.

Notes
Turn   | Place    | Note
-------+----------+-------------------------------------------
     0 | D:1      | Ijustatesigmund the Octopode Wizard began the quest for the
                  | Orb.
     0 | D:1      | Reached XP level 1. HP: 11/11 MP: 4/4
   211 | D:1      | Reached skill level 1 in Fighting
   211 | D:1      | Reached XP level 2. HP: 15/18 MP: 3/6
   324 | D:1      | Learned a level 2 spell: Blink
   906 | D:1      | Reached XP level 3. HP: 23/23 MP: 2/7
  1382 | D:1      | Learned a level 3 spell: Conjure Flame
  2159 | D:2      | Reached XP level 4. HP: 29/29 MP: 8/8
  2164 | D:2      | Learned a level 3 spell: Mephitic Cloud
  2721 | D:2      | Found a deep blue altar of Sif Muna.
  3316 | D:3      | Found a shimmering altar of Xom.
  3318 | D:3      | Noticed an orc warrior
  3452 | D:3      | Reached XP level 5. HP: 27/34 MP: 2/9
  3713 | D:3      | Found a stormy altar of Qazlal.
  3756 | D:3      | HP: 1/34 [orc priest/divine providence (10)]
  3758 | D:3      | Mangled by an orc priest

Levels and vault maps discovered:
D:1:      psy_arrival_radial02, layout_basic
D:2:      layout_basic, marbit_many_paths
D:3:      layout_rooms, lemuel_crystal_altar, xom_redecorated,
          lemuel_crystal_altar, first_ration

Skill      XL: |  1  2  3  4  5 |
---------------+----------------+-----
Fighting       | 1 2 |  2.2
Conjurations   | 2 3 |  3.1
Translocations | 2 |  2.6
Dodging        | |  2.5
Stealth        | |  2.6
Spellcasting   | |  3.0
Summonings     | |  1.0

Action                   |  1- 3 |  4- 6 || total
-------------------------+-------+-------++-------
Melee: Club              |     3 |       ||     3
       Constrict         |     6 |     4 ||    10
       Tentacles         |     3 |     2 ||     5
       Dagger            |    10 |    25 ||    35
       Whip              |     4 |       ||     4
 Cast: Magic Dart        |    75 |    52 ||   127
       Blink             |       |     1 ||     1
  Use: Scroll            |       |     1 ||     1
 Stab: Sleeping          |     4 |     4 ||     8
  Eat: Chunk             |     3 |     3 ||     6
       Ration            |       |     1 ||     1
Armor: Skin              |     4 |       ||     4
Dodge: Dodged            |    21 |    25 ||    46

Table legend:
 A = Non-vault XP
 B = Vault XP
 C = Vault XP percentage of total XP
 D = Non-vault monster count
 E = Vault monster count
 F = Vault count percentage of total count
                 A         B        C        D         E       F
            +---------+---------+-------+---------+---------+-------
      Total |     222 |       2 |   0.9 |      73 |       1 |   1.4
            +---------+---------+-------+---------+---------+-------
        D:1 |      70 |       0 |   0.0 |      33 |       0 |   0.0
        D:2 |      29 |       2 |   6.5 |      16 |       1 |   5.9
        D:3 |     123 |       0 |   0.0 |      24 |       0 |   0.0
            +---------+---------+-------+---------+---------+-------
